[Event "Titled Tuesday Blitz August 22 Early 2023"]
[White "Bashirli, Saadat"]
[Black "Dilanyan, Grigor"]
[WhiteFideId "13429990"]
[BlackFideId "13303570"]
[WhiteElo "2331"]
[BlackElo "2614"]
[Result "1/2-1/2"]
[Round "1"]
[TimeControl "180+1"]
[Date "2023.08.22"]
[WhiteClock "0:00:22"]
[BlackClock "0:01:44"]
[Board "159"]

1. d4 Nf6 2. e3 c5 3. c3 g6 4. Bd3 Bg7 5. f4 O-O 6. Nf3 b6 7. O-O d6 8. Qe2 Bb7 9. Nbd2 Nbd7 10. b3 Re8 11. e4 e5 12. fxe5 dxe5 13. d5 Nh5 14. Nc4 Nf4 15. Bxf4 exf4 16. Nd6 Qc7 17. Nxe8 Rxe8 18. Qc2 Ne5 19. Nxe5 Qxe5 20. Rac1 g5 21. h3 Bc8 22. Qe2 f5 23. Rfe1 Qd6 24. Qh5 Re5 25. exf5 h6 26. c4 Re3 27. Rxe3 fxe3 28. Qe8+ Qf8 29. Qxf8+ Kxf8 30. Kf1 Kf7 31. g4 Bd4 32. Ke2 Kf6 33. Rf1 a5 34. a4 Bd7 35. Rf3 Be8 36. Rxe3 Bxe3 37. Kxe3 Ke5 38. Be4 Bf7 39. Bf3 Bg8 40. Bg2 Bf7 41. Be4 Be8 42. Bc2 Bd7 43. Be4 Be8 44. Bf3 Bf7 45. Be4 Be8 1/2-1/2


[Site "https://www.chess.com"]

[Event "Titled Tuesday Blitz August 22 Early 2023"]
[White "CrazyAdvenTures"]
[Black "micke12a"]
[WhiteElo "2612"]
[BlackElo "2330"]
[Result "1-0"]
[Round "1"]
[TimeControl "180+1"]
[Date "2023.08.22"]
[WhiteClock "0:02:02"]
[BlackClock "0:02:25"]
[Board "160"]

1. e4 c5 2. Nf3 d6 3. d4 cxd4 4. Nxd4 Nf6 5. Nc3 g6 6. f4 Nc6 7. Nxc6 bxc6 8. Qf3 Bg7 9. Bd3 O-O 10. O-O Qb6+ 11. Kh1 Bb7 12. Be3 c5 13. Rab1 Qa6 14. Bxa6 1-0


[Site "https://www.chess.com"]

[Event "Titled Tuesday Blitz August 22 Early 2023"]
[White "crosky"]
[Black "UnknownMagician"]
[WhiteElo "2329"]
[BlackElo "2612"]
[Result "1-0"]
[Round "1"]
[TimeControl "180+1"]
[Date "2023.08.22"]
[WhiteClock "0:01:31"]
[BlackClock "0:01:17"]
[Board "161"]

1. c4 e6 2. Nc3 d5 3. d4 Nf6 4. cxd5 exd5 5. Bg5 Bb4 6. e3 h6 7. Bh4 Bf5 8. Qb3 Nc6 9. Bb5 O-O 10. Bxc6 Bxc3+ 11. Qxc3 bxc6 12. Nf3 g5 13. Bg3 Ne4 14. Qxc6 Kg7 15. Bxc7 Rc8 16. Bxd8 Rxc6 17. Be7 Rb8 18. Ba3 Rc2 19. O-O f6 20. Rac1 Rbc8 21. Rxc2 Rxc2 22. Ne1 Re2 23. Nd3 Nd2 24. Nc1 Nxf1 25. Nxe2 Nd2 26. Nc3 Be6 27. b3 Kf7 28. f3 f5 29. Kf2 f4 30. exf4 gxf4 31. Ke2 Nc4 32. bxc4 dxc4 33. Bc5 Bf5 34. Bxa7 Bd3+ 35. Kd2 1-0


[Site "https://www.chess.com"]

[Event "Titled Tuesday Blitz August 22 Early 2023"]
[White "Kvaloy, Aksel Bu"]
[Black "Ardila, Oscar Humberto"]
[WhiteFideId "1528815"]
[BlackFideId "4404742"]
[WhiteElo "2610"]
[BlackElo "2326"]
[Result "1-0"]
[Round "1"]
[TimeControl "180+1"]
[Date "2023.08.22"]
[WhiteClock "0:00:18"]
[BlackClock "0:00:00"]
[Board "162"]

1. e4 e5 2. Nf3 Nf6 3. Nc3 Nc6 4. a3 d5 5. Bb5 d4 6. Ne2 Bd6 7. d3 a6 8. Bc4 b5 9. Ba2 O-O 10. O-O Be6 11. Ne1 Qd7 12. Bxe6 fxe6 13. h3 Qf7 14. f4 exf4 15. Bxf4 e5 16. Bg5 Qg6 17. Nf3 h6 18. Bxf6 Rxf6 19. Nh4 Rxf1+ 20. Qxf1 Qg5 21. Nf3 Qe3+ 22. Qf2 Qxf2+ 23. Kxf2 Rf8 24. Ng3 g6 25. Ke2 Kg7 26. h4 h5 27. Ng5 Nd8 28. a4 b4 29. b3 Be7 30. Nf3 Nc6 31. Nf1 Rf4 32. g3 Rf8 33. N1d2 a5 34. Nc4 Bd6 35. Rg1 Kf6 36. Ng5 Ke7 37. Nh7 Rf7 38. Ng5 Rf8 39. Rg2 Rf6 40. g4 Rf4 41. Nh3 Rxg4 42. Rxg4 hxg4 43. Nf2 g3 44. Ng4 Ke6 45. Kf3 Be7 46. Kxg3 Bd8 47. Nh2 Be7 48. Nf3 Bd8 49. Kg4 Bf6 50. h5 gxh5+ 51. Kxh5 Be7 52. Kg6 Bf8 53. Nh2 Be7 54. Ng4 Bf8 55. Nf6 Be7 56. Nh5 Bd8 57. Ng7+ Ke7 58. Kf5 1-0


[Site "https://www.chess.com"]

[Event "Titled Tuesday Blitz August 22 Early 2023"]
[White "Goswami, Vedant"]
[Black "Kuzhilniy, Oleksandr"]
[WhiteFideId "5003725"]
[BlackFideId "34110500"]
[WhiteElo "2326"]
[BlackElo "2607"]
[Result "0-1"]
[Round "1"]
[TimeControl "180+1"]
[Date "2023.08.22"]
[WhiteClock "0:00:33"]
[BlackClock "0:01:34"]
[Board "163"]

1. c4 Nf6 2. Nc3 e5 3. Nf3 Nc6 4. e4 g6 5. Be2 Bg7 6. O-O O-O 7. d3 d6 8. Be3 Ng4 9. Bg5 f6 10. Bh4 h5 11. h3 Nh6 12. d4 Kh7 13. dxe5 dxe5 14. Qxd8 Nxd8 15. Nd5 Ne6 16. Rfd1 c6 17. Ne7 Nf4 18. Bf1 Be6 19. Rd6 Nf7 20. Rd2 Rae8 21. Nd5 cxd5 22. cxd5 Bd7 23. Rc1 Rc8 24. Rdc2 Rxc2 25. Rxc2 Rc8 26. Rxc8 Bxc8 27. Kh2 Nd6 28. g3 g5 29. Bxg5 fxg5 30. Nxg5+ Kg6 31. gxf4 exf4 32. Ne6 Bxe6 33. dxe6 Be5 34. f3 Kf6 0-1


[Site "https://www.chess.com"]

[Event "Titled Tuesday Blitz August 22 Early 2023"]
[White "Arat, Ufuk Sezen"]
[Black "Davidson, Kevin"]
[WhiteFideId "6309089"]
[BlackFideId "2056810"]
[WhiteElo "2606"]
[BlackElo "2324"]
[Result "1-0"]
[Round "1"]
[TimeControl "180+1"]
[Date "2023.08.22"]
[WhiteClock "0:01:15"]
[BlackClock "0:00:00"]
[Board "164"]

1. e4 c5 2. Nf3 d6 3. d4 cxd4 4. Nxd4 Nf6 5. Bb5+ Nbd7 6. O-O a6 7. Bd3 g6 8. c4 Bg7 9. Nc3 O-O 10. Re1 Nc5 11. h3 Nxd3 12. Qxd3 Bd7 13. Be3 Rc8 14. b3 Qa5 15. Rac1 b5 16. Nd5 Rfe8 17. cxb5 axb5 18. Rxc8 Bxc8 19. Nc6 Qxe1+ 20. Kh2 Nxd5 21. exd5 Bd7 22. Qxb5 Qc3 23. Qb7 Bxc6 24. dxc6 Bd4 25. Qd7 Rf8 26. c7 Bxe3 27. fxe3 Qe5+ 28. Kh1 Qc5 29. b4 Qc1+ 30. Kh2 Qxe3 31. c8=Q Qf4+ 32. Kg1 Qe3+ 33. Kf1 Rxc8 34. Qxc8+ Kg7 35. Qc4 e5 36. b5 e4 37. Qb3 Qc1+ 38. Ke2 Qc7 39. b6 Qb7 40. a4 d5 41. a5 d4 42. Qb2 Qa6+ 43. Ke1 Qd3 44. b7 Qe3+ 45. Kf1 1-0


[Site "https://www.chess.com"]

[Event "Titled Tuesday Blitz August 22 Early 2023"]
[White "disciplinedbrat"]
[Black "Sadykov, Ramil"]
[BlackFideId "24113590"]
[WhiteElo "2324"]
[BlackElo "2606"]
[Result "0-1"]
[Round "1"]
[TimeControl "180+1"]
[Date "2023.08.22"]
[WhiteClock "0:00:07"]
[BlackClock "0:00:12"]
[Board "165"]

1. b3 e5 2. Bb2 Nc6 3. e3 Nf6 4. c4 d5 5. cxd5 Nxd5 6. a3 a5 7. Nc3 Be6 8. Nf3 Be7 9. Bb5 O-O 10. Bxc6 bxc6 11. Nxe5 Bd6 12. Nxc6 Qg5 13. Qe2 Qxg2 14. O-O-O Nxc3 15. Bxc3 Qxc6 16. Kb2 Rab8 17. Rhg1 Bxa3+ 18. Ka1 f6 19. Rb1 Rxb3 20. Rxb3 Bxb3 21. Qg4 Rf7 22. Rb1 Be6 23. Qd4 Bc5 24. Rb8+ Rf8 25. Rxf8+ Kxf8 26. Qd8+ Kf7 27. Kb2 a4 28. d4 a3+ 29. Kc2 Qa4+ 30. Kd2 Bd6 31. d5 Bxd5 0-1


[Site "https://www.chess.com"]

[Event "Titled Tuesday Blitz August 22 Early 2023"]
[White "Saif, Malek"]
[Black "Skaric, Djuro"]
[WhiteFideId "8104220"]
[BlackFideId "934569"]
[WhiteElo "2606"]
[BlackElo "2322"]
[Result "1-0"]
[Round "1"]
[TimeControl "180+1"]
[Date "2023.08.22"]
[WhiteClock "0:00:10"]
[BlackClock "0:00:06"]
[Board "166"]

1. e4 d6 2. d4 g6 3. Nc3 Bg7 4. Bc4 Nf6 5. Nge2 O-O 6. f3 Nc6 7. Be3 e5 8. Qd2 a6 9. a3 b5 10. Ba2 exd4 11. Nxd4 Bb7 12. Nde2 Ne5 13. Ng3 Rb8 14. Bh6 a5 15. h4 Nc4 16. Bxc4 bxc4 17. h5 Bxh6 18. Qxh6 Qe7 19. Qg5 Rfe8 20. Nf5 Qe5 21. Rh3 Nxe4 22. fxe4 Bxe4 23. Nh6+ Kf8 24. Qxe5 Rxe5 25. Ng4 Re6 26. O-O-O Bf5 27. Rd4 gxh5 28. Rxh5 Bg6 29. Rxa5 Re1+ 30. Rd1 Re7 31. Ne3 Be4 32. Ned5 Re5 33. Ra7 c6 34. Nxe4 cxd5 35. Nxd6 Re2 36. Rxf7+ Kg8 37. Rxd5 Rd8 38. Rg5+ Kh8 39. Rf6 Re1+ 40. Kd2 Re7 41. Kc3 Rg8 42. Rgf5 Rg3+ 43. Kxc4 Rxg2 44. Rf7 Rxf7 45. Rxf7 h5 46. Rf5 Rg4+ 47. Kd5 h4 48. Rh5+ Kg7 49. Nf5+ Kg6 50. Rxh4 Rg5 51. Rf4 Kf6 52. Rf1 Rh5 53. a4 Rh2 54. Nd6+ Ke7 55. Rf7+ Kd8 56. a5 Rxc2 57. a6 Rxb2 58. Nb7+ Ke8 59. a7 Ra2 60. Nd6+ Kd8 61. a8=Q+ Rxa8 62. Rf8+ Kd7 63. Rxa8 Ke7 64. Ne4 1-0


[Site "https://www.chess.com"]

[Event "Titled Tuesday Blitz August 22 Early 2023"]
[White "Wang2007"]
[Black "Horobetz, Graham"]
[BlackFideId "2047322"]
[WhiteElo "2322"]
[BlackElo "2604"]
[Result "0-1"]
[Round "1"]
[TimeControl "180+1"]
[Date "2023.08.22"]
[WhiteClock "0:00:04"]
[BlackClock "0:02:18"]
[Board "167"]

1. d4 Nf6 2. c4 g6 3. Nf3 Bg7 4. g3 d6 5. Bg2 O-O 6. O-O c5 7. Nc3 Nc6 8. d5 Na5 9. Nd2 e5 10. Qc2 Ng4 11. e4 f5 12. h3 Nh6 13. b3 b6 14. Nf3 f4 15. g4 Bf6 16. Nh2 Bh4 17. f3 Bg3 18. Ne2 Qh4 19. Bd2 Nf7 20. Be1 Ng5 21. Nxg3 fxg3 22. Kh1 Nxh3 0-1


[Site "https://www.chess.com"]

[Event "Titled Tuesday Blitz August 22 Early 2023"]
[White "Feng, Eric"]
[Black "kaanadayhamle"]
[WhiteFideId "30952590"]
[WhiteElo "2604"]
[BlackElo "2321"]
[Result "1-0"]
[Round "1"]
[TimeControl "180+1"]
[Date "2023.08.22"]
[WhiteClock "0:00:09"]
[BlackClock "0:00:04"]
[Board "168"]

1. d4 Nf6 2. c4 e6 3. Nf3 b6 4. g3 Bb7 5. Bg2 Bb4+ 6. Bd2 Be7 7. O-O O-O 8. Nc3 d6 9. Qc2 Nbd7 10. e4 e5 11. d5 a5 12. a3 Ba6 13. b3 Nc5 14. Rfd1 a4 15. Nxa4 Nxa4 16. bxa4 Qd7 17. a5 bxa5 18. Bxa5 Bxc4 19. Bb4 Bb5 20. Rdc1 Rfc8 21. Ng5 Ng4 22. Nf3 Nf6 23. Nd2 g6 24. h4 h5 25. f3 c5 26. dxc6 Rxc6 27. Qb3 Ba4 28. Qe3 Bd8 29. Kh2 Rac8 30. Bh3 Ng4+ 31. fxg4 Rxc1 32. gxh5 f5 33. Rxc1 Rxc1 34. hxg6 f4 35. gxf4 Qe7 36. fxe5 Qxe5+ 37. Kg2 Bxh4 38. Qf3 Be8 39. Bf5 Kg7 40. Qg4 Be1 41. Qh3 Qf4 42. Qh7+ Kf8 43. g7+ Ke7 44. g8=Q+ Kd8 45. Ba5+ Rc7 46. Qxc7# 1-0


[Site "https://www.chess.com"]

[Event "Titled Tuesday Blitz August 22 Early 2023"]
[White "Carre, Sylvain"]
[Black "brm72"]
[WhiteFideId "642118"]
[WhiteElo "2319"]
[BlackElo "2603"]
[Result "1-0"]
[Round "1"]
[TimeControl "180+1"]
[Date "2023.08.22"]
[WhiteClock "0:00:21"]
[BlackClock "0:01:27"]
[Board "169"]

1. d4 Nf6 2. Bf4 g6 3. e3 Bg7 4. Nf3 O-O 5. Be2 d6 6. O-O Nbd7 7. h3 c5 8. c3 b6 9. Nbd2 Bb7 10. Bh2 a6 11. a4 Ra7 12. Ne1 Qa8 13. Bf3 Ne4 14. Nxe4 Bxe4 15. Bxe4 Qxe4 16. Qf3 Qxf3 17. Nxf3 Rfa8 18. Bf4 b5 19. a5 Rb7 20. e4 cxd4 21. cxd4 Rc8 22. Rac1 Rbc7 23. Rxc7 Rxc7 24. Rc1 Rxc1+ 25. Bxc1 Nf6 26. e5 Nd5 27. Bd2 h6 28. Kf1 Kf8 29. Ke2 Ke8 30. Kd3 dxe5 31. dxe5 Kd7 32. Ke4 e6 33. Nd4 Ne7 34. f4 Nc6 35. Nxc6 Kxc6 36. Bb4 h5 37. g4 hxg4 38. hxg4 Bh6 39. g5 Bg7 40. Be7 Kd7 41. Bd6 Kc6 42. b4 Bh8 43. Bf8 Kd7 44. Kd4 Kc6 45. Bh6 Kd7 46. Kc5 Kc7 47. Bf8 1-0


[Site "https://www.chess.com"]

[Event "Titled Tuesday Blitz August 22 Early 2023"]
[White "Vlassov, Nikolai"]
[Black "Afanasieva, Alexandra"]
[WhiteFideId "4103360"]
[BlackFideId "34126926"]
[WhiteElo "2602"]
[BlackElo "2317"]
[Result "1-0"]
[Round "1"]
[TimeControl "180+1"]
[Date "2023.08.22"]
[WhiteClock "0:01:07"]
[BlackClock "0:00:11"]
[Board "170"]

1. e4 c5 2. c3 d5 3. exd5 Nf6 4. Bb5+ Nbd7 5. c4 a6 6. Bxd7+ Qxd7 7. Qe2 e6 8. Nf3 Be7 9. dxe6 Qxe6 10. Qxe6 Bxe6 11. b3 O-O 12. O-O Bf5 13. Re1 Rfe8 14. d4 cxd4 15. Bb2 d3 16. Nc3 Bb4 17. Rxe8+ Rxe8 18. Rd1 h6 19. h3 Ne4 20. Nd5 Bc5 21. Bd4 Bh7 22. Rxd3 Nxf2 23. Re3 Rxe3 24. Bxc5 Nxh3+ 25. Kh2 Rd3 26. Kxh3 g5 27. Kh2 Be4 28. Nf6+ 1-0


[Site "https://www.chess.com"]

[Event "Titled Tuesday Blitz August 22 Early 2023"]
[White "Maung, Maung Kyaw Zaw Hein"]
[Black "Boarish_Male"]
[WhiteFideId "13001698"]
[WhiteElo "2315"]
[BlackElo "2601"]
[Result "0-1"]
[Round "1"]
[TimeControl "180+1"]
[Date "2023.08.22"]
[WhiteClock "0:02:05"]
[BlackClock "0:02:09"]
[Board "171"]

1. Nf3 Nf6 2. c4 e6 3. Nc3 d5 4. d4 Be7 5. Bg5 O-O 6. e3 Nbd7 7. Bd3 c6 8. c5 e5 9. Bf5 e4 10. Nd2 Nxc5 11. dxc5 Bxf5 12. b4 Nd7 13. Bf4 a5 14. a3 Bf6 15. Qc1 axb4 16. axb4 Rxa1 17. Qxa1 Qa8 18. Qb2 Qa6 19. Nb3 Qd3 20. Nd4 Bxd4 21. exd4 Ra8 22. Ne2 Bg4 23. Nc1 Qd1# 0-1


[Site "https://www.chess.com"]

[Event "Titled Tuesday Blitz August 22 Early 2023"]
[White "Principe, Alexander"]
[Black "Acikel, Mert"]
[WhiteFideId "3804542"]
[BlackFideId "12956465"]
[WhiteElo "2601"]
[BlackElo "2315"]
[Result "1-0"]
[Round "1"]
[TimeControl "180+1"]
[Date "2023.08.22"]
[WhiteClock "0:01:09"]
[BlackClock "0:01:38"]
[Board "172"]

1. e4 e5 2. Nf3 Nc6 3. d4 exd4 4. Nxd4 Bc5 5. Be3 Qf6 6. c3 Nge7 7. Bc4 b6 8. a3 O-O 9. O-O Bb7 10. b4 Bxd4 11. cxd4 Rad8 12. Nc3 Qg6 13. Qb3 d6 14. f4 Nb8 15. f5 Qf6 16. Rae1 Nd7 17. Kh1 c6 18. Bd3 h6 19. Ne2 c5 20. bxc5 dxc5 21. dxc5 Ne5 22. Bb1 N7c6 23. cxb6 axb6 24. Qxb6 Rb8 25. Nf4 Ba6 26. Qxa6 1-0


[Site "https://www.chess.com"]

[Event "Titled Tuesday Blitz August 22 Early 2023"]
[White "Albertini, Luca"]
[Black "Stepanencu, Nicodim-Cosmin"]
[WhiteFideId "847038"]
[BlackFideId "1256220"]
[WhiteElo "2314"]
[BlackElo "2601"]
[Result "1-0"]
[Round "1"]
[TimeControl "180+1"]
[Date "2023.08.22"]
[WhiteClock "0:00:17"]
[BlackClock "0:00:02"]
[Board "173"]

1. d4 Nf6 2. c4 g6 3. Nc3 d5 4. cxd5 Nxd5 5. Na4 Bg7 6. e4 Nb6 7. Be3 O-O 8. Nf3 Nc6 9. h3 f5 10. Qb3+ Kh8 11. Nxb6 axb6 12. Ng5 f4 13. Nf7+ Rxf7 14. Qxf7 fxe3 15. fxe3 e6 16. Bc4 Bd7 17. O-O Qe8 18. Qf4 e5 19. dxe5 Nxe5 20. Bb3 Nd3 21. Qh4 Bc6 22. Rad1 Nc5 23. Bf7 Qxe4 24. Qxe4 Bxe4 25. b4 Nd3 26. Bc4 Nb2 27. Rc1 Nxc4 28. Rxc4 Bd3 29. Rxc7 Bxf1 30. Kxf1 Rb8 31. a4 Be5 32. Re7 Bc3 33. b5 Ba5 34. Ke2 Rc8 35. Rxb7 Rc4 36. Kf3 Rxa4 37. e4 Rb4 38. Kf4 Rxb5 39. g4 Bc3 40. g5 Be5+ 41. Kg4 Rb3 42. Re7 Bd4 43. e5 Re3 44. Kf4 Rxe5 45. Rd7 Rf5+ 46. Ke4 Bc5 47. h4 Rf8 48. Kd5 Kg8 49. Ke6 Re8+ 50. Kf6 Re7 51. Rd8+ Re8 52. Rxe8+ Bf8 53. Rb8 h5 54. Kxg6 b5 55. Rxb5 Kh8 56. Rb8 Kg8 57. Rc8 1-0


[Site "https://www.chess.com"]

[Event "Titled Tuesday Blitz August 22 Early 2023"]
[White "Kochiev, Ivan"]
[Black "Prydun, Andriy"]
[WhiteFideId "2917890"]
[BlackFideId "14145898"]
[WhiteElo "2601"]
[BlackElo "2313"]
[Result "1-0"]
[Round "1"]
[TimeControl "180+1"]
[Date "2023.08.22"]
[WhiteClock "0:00:11"]
[BlackClock "0:00:14"]
[Board "174"]

1. e4 c5 2. Nf3 d6 3. d4 cxd4 4. Nxd4 Nf6 5. f3 Nc6 6. c4 Qb6 7. Nc2 g6 8. Nc3 Bg7 9. Bd3 O-O 10. Qe2 Nd4 11. Nxd4 Qxd4 12. Be3 Qe5 13. O-O Qa5 14. Rac1 Be6 15. Rc2 Rfc8 16. Rb1 Qe5 17. b4 Nh5 18. g3 Bh8 19. c5 dxc5 20. bxc5 b6 21. Na4 bxc5 22. Nxc5 Rab8 23. Rxb8 Rxb8 24. Nxe6 Rb1+ 25. Kg2 Qxe6 26. Bc4 Qd7 27. Rd2 Qc7 28. Bb3 Rc1 29. Qb5 Bc3 30. Qe8+ Kg7 31. Qxf7+ Kh8 32. Qg8# 1-0


[Site "https://www.chess.com"]

[Event "Titled Tuesday Blitz August 22 Early 2023"]
[White "Sovetbekova, Nurai"]
[Black "Kozin, Yuri"]
[WhiteFideId "13801910"]
[BlackFideId "4129920"]
[WhiteElo "2313"]
[BlackElo "2600"]
[Result "1-0"]
[Round "1"]
[TimeControl "180+1"]
[Date "2023.08.22"]
[WhiteClock "0:00:07"]
[BlackClock "0:00:06"]
[Board "175"]

1. d4 d5 2. c4 c6 3. Nf3 Nf6 4. g3 g6 5. Qa4 Bg7 6. cxd5 Nxd5 7. Bg2 O-O 8. O-O Nd7 9. e4 N7b6 10. Qb3 Nf6 11. Nc3 Be6 12. Qc2 Qc8 13. Rd1 Bh3 14. Bh1 Bg4 15. Be3 Rd8 16. b3 a5 17. Rac1 a4 18. Qb1 a3 19. d5 Nbd7 20. dxc6 bxc6 21. Na4 Qc7 22. Bg2 Ne5 23. Rxd8+ Rxd8 24. Bb6 Nxf3+ 25. Bxf3 Qd7 26. Bxg4 Nxg4 27. Bxd8 Qxd8 28. Qc2 h5 29. h3 Ne5 30. Kg2 Qd4 31. Rd1 Qa7 32. Qc5 Qc7 33. Qxa3 h4 34. Qc5 hxg3 35. fxg3 Bf8 36. Qd4 Qa5 37. Qd2 Qb5 38. Nc3 Qb7 39. Qd4 Bg7 40. Qf2 Kh7 41. Qd2 c5 42. Rf1 Bf6 43. Nd5 Kg7 44. Nxf6 exf6 45. Qe2 g5 46. Kh2 Qc6 47. Qf2 g4 48. h4 Nf3+ 49. Kg2 Qxe4 50. Ra1 Nd2+ 51. Kh2 Nf3+ 52. Kg2 Nxh4+ 53. Kh2 Nf3+ 54. Kg2 Ng5+ 55. Kf1 Qh1+ 56. Qg1 Qf3+ 57. Qf2 Qc3 58. Re1 Nf3 59. Rd1 c4 60. bxc4 Qxc4+ 61. Kg2 Qc6 62. Kf1 f5 63. Qb2+ Kg6 64. Qe2 f6 65. Qf2 Qc4+ 66. Qe2 Qe4 67. Qxe4 fxe4 68. Rd6 Kf5 69. a4 e3 70. Ke2 Ke4 71. Re6+ Kf5 72. Rxe3 Nd4+ 73. Kd3 Nc6 74. Re2 Ne5+ 75. Kd4 Nf3+ 76. Ke3 Ne5 77. Rc2 Ke6 78. a5 Kd6 79. a6 Nc6 80. Ra2 Na7 81. Kf4 Kc6 82. Kxg4 Kb6 83. Kf5 Nc8 84. a7 Nxa7 85. Rxa7 Kxa7 86. Kxf6 1-0


[Site "https://www.chess.com"]

[Event "Titled Tuesday Blitz August 22 Early 2023"]
[White "Aevengho"]
[Black "Zaksaite, Salomeja"]
[BlackFideId "12801496"]
[WhiteElo "2598"]
[BlackElo "2309"]
[Result "1-0"]
[Round "1"]
[TimeControl "180+1"]
[Date "2023.08.22"]
[WhiteClock "0:01:41"]
[BlackClock "0:00:03"]
[Board "176"]

1. Nf3 Nf6 2. Nc3 g6 3. d4 Bg7 4. Bf4 d5 5. Qd2 c6 6. Bh6 Bxh6 7. Qxh6 Bf5 8. O-O-O b5 9. Ne5 Qa5 10. a3 b4 11. axb4 Qa1+ 12. Nb1 Qa4 13. b3 Qa2 14. e4 Bxe4 15. Bd3 Nbd7 16. f3 Bxd3 17. Rxd3 a5 18. Nxc6 axb4 19. Re1 e6 20. Qg7 Rg8 21. Rxe6+ fxe6 22. Qe7# 1-0


[Site "https://www.chess.com"]

[Event "Titled Tuesday Blitz August 22 Early 2023"]
[White "Wang, Alexander J"]
[Black "Rosen, Eric"]
[WhiteFideId "30955270"]
[BlackFideId "2032562"]
[WhiteElo "2303"]
[BlackElo "2593"]
[Result "0-1"]
[Round "1"]
[TimeControl "180+1"]
[Date "2023.08.22"]
[WhiteClock "0:00:15"]
[BlackClock "0:00:50"]
[Board "177"]

1. e4 c5 2. Nf3 Nc6 3. d4 cxd4 4. Nxd4 g6 5. Nc3 Bg7 6. Be3 Nf6 7. Bc4 O-O 8. Bb3 Re8 9. f3 e6 10. Qd2 d5 11. exd5 Nxd5 12. Nxd5 Nxd4 13. Nc3 Qh4+ 14. Bf2 Nxb3 15. axb3 Qh5 16. O-O b6 17. Ne4 Bb7 18. c3 Bxe4 19. fxe4 Red8 20. Qf4 Be5 21. Qf3 Qxh2# 0-1


[Site "https://www.chess.com"]

[Event "Titled Tuesday Blitz August 22 Early 2023"]
[White "Borgaonkar Akshay"]
[Black "Shapiro, Daniel"]
[WhiteFideId "25639110"]
[BlackFideId "2001780"]
[WhiteElo "2593"]
[BlackElo "2303"]
[Result "1-0"]
[Round "1"]
[TimeControl "180+1"]
[Date "2023.08.22"]
[WhiteClock "0:01:08"]
[BlackClock "0:00:17"]
[Board "178"]

1. Nf3 Nf6 2. e3 c5 3. b3 e6 4. Bb2 Be7 5. c4 b6 6. Nc3 Bb7 7. Be2 O-O 8. O-O a6 9. d4 cxd4 10. Nxd4 d6 11. Bf3 Qc7 12. Rc1 Nbd7 13. Bxb7 Qxb7 14. Qf3 Qxf3 15. Nxf3 Nc5 16. Rfd1 Rfd8 17. b4 Nce4 18. Nxe4 Nxe4 19. Bd4 Rab8 20. Nd2 Nxd2 21. Rxd2 Rdc8 22. Rdc2 a5 23. a3 f6 24. e4 Kf7 25. f3 Ke8 26. Kf1 Rc6 27. Ke2 Kd7 28. Kd3 Rcc8 29. Rb1 Kc6 30. Bc3 axb4 31. axb4 Ra8 32. Rcc1 Ra2 33. Rc2 Rca8 34. Rxa2 Rxa2 35. Rb2 Rxb2 36. Bxb2 d5 37. b5+ Kd7 38. cxd5 exd5 39. exd5 Bd6 40. g3 Kc7 41. Ke4 Bc5 42. Kf5 Kd6 43. Ke4 Bg1 44. h4 Bf2 45. Ba3+ Bc5 46. Bc1 Bf2 47. Bf4+ Kd7 48. h5 g6 49. hxg6 hxg6 50. g4 Bc5 51. Be3 Kd6 52. Bxc5+ Kxc5 53. g5 fxg5 54. Ke5 Kxb5 55. d6 Kc4 56. d7 b5 57. d8=Q b4 58. Qd5+ Kc3 59. Qd4+ Kb3 60. Qd3+ Kb2 61. Qxg6 b3 62. Qxg5 Kc2 63. Qe3 b2 64. f4 1-0


[Site "https://www.chess.com"]

[Event "Titled Tuesday Blitz August 22 Early 2023"]
[White "Blokhin, Sofia"]
[Black "Ahmad, Khagan"]
[WhiteFideId "4508190"]
[BlackFideId "13431552"]
[WhiteElo "2297"]
[BlackElo "2593"]
[Result "0-1"]
[Round "1"]
[TimeControl "180+1"]
[Date "2023.08.22"]
[WhiteClock "0:00:16"]
[BlackClock "0:00:09"]
[Board "179"]

1. d4 d5 2. c4 e6 3. Nc3 Be7 4. cxd5 exd5 5. Bf4 c6 6. e3 Nf6 7. Bd3 O-O 8. Nf3 Bg4 9. h3 Bh5 10. Qc2 Nbd7 11. Ne5 Nxe5 12. dxe5 Ne4 13. Nxe4 dxe4 14. Bxe4 Bb4+ 15. Kf1 Bg6 16. Bxg6 hxg6 17. h4 Qd5 18. Rd1 Qb5+ 19. Kg1 Rad8 20. h5 g5 21. h6 Rxd1+ 22. Qxd1 g6 23. h7+ Kg7 24. Bxg5 Qxe5 25. Bh6+ Kh8 26. Bxf8 Bxf8 27. Qd4 Qxd4 28. exd4 Bg7 29. b3 Bxd4 30. Kf1 c5 31. Ke2 b5 32. f3 a6 33. Kd3 Be5 34. Ke4 Bd4 35. Kd5 Be3 36. Kd6 c4 37. bxc4 bxc4 38. Re1 Bf4+ 39. Kc5 c3 40. Re2 Bd2 41. Kb6 c2 42. Re8+ Kxh7 43. Rc8 c1=Q 44. Rxc1 Bxc1 45. Kxa6 Ba3 46. Kb5 g5 47. Kc4 Kg6 48. Kd5 Kf5 49. g3 g4 50. fxg4+ Kxg4 51. Ke5 f5 52. Ke6 Kg5 53. Ke5 Kg4 54. Ke6 Bb4 55. a4 Be1 56. a5 Bxg3 57. a6 Bb8 58. Kd7 f4 59. Kc8 Ba7 60. Kb7 Be3 61. a7 Bxa7 62. Kxa7 f3 63. Kb6 f2 64. Kc5 f1=Q 65. Kd4 Kf4 0-1


[Site "https://www.chess.com"]

[Event "Titled Tuesday Blitz August 22 Early 2023"]
[White "Colas, Joshua"]
[Black "Battlecruiser_Operational"]
[WhiteFideId "2044447"]
[WhiteElo "2592"]
[BlackElo "2296"]
[Result "0-1"]
[Round "1"]
[TimeControl "180+1"]
[Date "2023.08.22"]
[WhiteClock "0:00:22"]
[BlackClock "0:00:08"]
[Board "180"]

1. Nf3 e6 2. c4 f5 3. Nc3 Nf6 4. d3 b6 5. e4 fxe4 6. dxe4 Bb4 7. e5 Bxc3+ 8. bxc3 Ne4 9. Qd4 Bb7 10. Bd3 Nc5 11. Bg5 Nc6 12. Qe3 Nxd3+ 13. Qxd3 Ne7 14. Nd4 O-O 15. Nxe6 dxe6 16. Qxd8 Rfxd8 17. Bxe7 Rd7 18. Bg5 Bxg2 19. Rg1 Bf3 20. Rg3 Bh5 21. Rb1 Kf7 22. c5 h6 23. Be3 Rad8 24. Kf1 Rd1+ 25. Rxd1 Rxd1+ 26. Kg2 Ra1 27. cxb6 axb6 28. c4 Rxa2 29. c5 b5 30. Rh3 Bg4 31. Rh4 Bf5 32. c6 Ra4 33. Bd4 g5 34. Rxh6 Rxd4 35. Rh8 Be4+ 36. Kg3 Bxc6 37. Rh7+ Kg6 38. Rxc7 Bd5 39. Rc8 b4 40. Rg8+ Kf5 41. Rb8 b3 42. Rf8+ Kxe5 43. Rb8 Rd3+ 44. Kg4 Rd2 45. f3 Rg2+ 46. Kh3 Rf2 47. Kg4 Bxf3+ 48. Kg3 Rf1 49. Rxb3 Bd5 50. Rb8 Rg1+ 51. Kh3 Rg2 52. Rg8 g4+ 53. Kh4 Rxh2+ 54. Kg3 Rg2+ 55. Kh4 g3 56. Rg5+ Kf4 57. Rg4+ Kf3 58. Rg8 Rh2+ 59. Kg5 g2 60. Rf8+ Ke2 61. Kf6 g1=Q 62. Ke7 Qc5+ 63. Kd7 Qxf8 64. Kc7 Qe7+ 65. Kb6 Qb7+ 66. Ka5 Qb8 67. Ka6 Rh3 68. Ka5 Ra3# 0-1


[Site "https://www.chess.com"]

[Event "Titled Tuesday Blitz August 22 Early 2023"]
[White "Li, Xueyi"]
[Black "Dobrikov, Marco"]
[WhiteFideId "8605912"]
[BlackFideId "12950378"]
[WhiteElo "2296"]
[BlackElo "2592"]
[Result "0-1"]
[Round "1"]
[TimeControl "180+1"]
[Date "2023.08.22"]
[WhiteClock "0:00:16"]
[BlackClock "0:01:19"]
[Board "181"]

1. Nf3 Nc6 2. g3 e5 3. d3 d5 4. Bg2 f5 5. O-O Nf6 6. c4 dxc4 7. dxc4 Be6 8. b3 e4 9. Ng5 Bg8 10. Bb2 h6 11. Nh3 Bd6 12. Nf4 Bf7 13. e3 O-O 14. Nc3 g5 15. Ncd5 Be5 16. Nxf6+ Qxf6 17. Bxe5 Nxe5 18. Nd5 Qd6 19. f3 exf3 20. Bxf3 c6 21. Nc3 Qc5 22. Qd4 Qe7 23. Qd2 Rad8 24. Qe2 Rd3 25. Nd1 Rfd8 26. Bh5 Rd2 27. Bxf7+ Qxf7 28. Qe1 Qh5 0-1


[Site "https://www.chess.com"]